 Dungeon Crawl Stone Soup version 0.30.1-9-gdf580d7c3d (webtiles) character file.

Game seed: 552880650986961598

100 rogsnak the Gusty (level 4, -1/30 HPs)
             Began as a Demonspawn Air Elementalist on Oct 10, 2023.
             Slain by a gnoll sergeant
             ... wielding a +0 spear
              (2 damage)
             ... on level 3 of the Dungeon on Oct 11, 2023.
             The game lasted 00:11:43 (3037 turns).

rogsnak the Gusty (Demonspawn Air Elementalist)     Turns: 3037, Time: 00:11:44

Health: -1/30      AC:  5    Str:  8    XL:     4   Next: 47%
Magic:  1/8        EV: 12    Int: 19    God:
Gold:   249        SH:  0    Dex: 13    Spells: 8/9 levels left

rFire   . . .        g - +2 flail (protect)
rCold   . . .        (no shield)
rNeg    . . .        a - +0 robe
rPois   .            (no helmet)
rElec   .            (no cloak)
rCorr   .            x - +2 pair of gloves
SInv    .            (no boots)
Will    .....        (no amulet)
Stlth   ++           (no ring)
HPRegen 0.25/turn    (no ring)
MPRegen 0.11/turn

%: no passive effects
@: very slightly contaminated
A: spiny 2, weakness stinger 1
a: no special abilities


You were on level 3 of the Dungeon.
You visited 1 branch of the dungeon, and saw 3 of its levels.

You collected 249 gold pieces.

Inventory:

Hand Weapons
 e - a +0 whip
 g - a +2 flail of protection (weapon)
Missiles
 d - 32 stones
 s - 5 poisoned darts
Armour
 a - a +0 robe (worn)
 x - a +2 pair of gloves (worn)
Scrolls
 c - 2 scrolls of immolation {unknown}
 f - a scroll of torment {unknown}
 i - a scroll of amnesia {unknown}
 j - a scroll of enchant armour {unknown}
 l - 2 scrolls of fog {unknown}
 m - a scroll of identify {unknown}
 n - a scroll of enchant weapon {unknown}
 p - a scroll of summoning {unknown}
 q - a scroll of vulnerability {unknown}
 u - a scroll of blinking {unknown}
 v - a scroll of poison {unknown}
 y - a scroll of magic mapping {unknown}
Potions
 b - a potion of magic
 h - 3 potions of ambrosia {unknown}
 k - a potion of cancellation {unknown}
 o - 4 potions of haste {unknown}
 r - a potion of heal wounds {unknown}
 t - a potion of curing {unknown}
 w - a potion of lignification {unknown}
 z - a potion of attraction {unknown}


   Skills:
 + Level 2.0 Dodging
 + Level 1.9 Stealth
 + Level 3.0 Spellcasting
 * Level 2.3 Conjurations
 + Level 3.3 Air Magic


You had 8 spell levels left.
You knew the following spells:

 Your Spells              Type           Power      Damage    Failure   Level
a - Shock                 Conj/Air       52%        1d6       4%          1

Your spell library contained the following spells:

 Spells                   Type           Power      Damage    Failure   Level
 Static Discharge         Conj/Air       26%        2-4/arc   7%          2
 Swiftness                Air            15%        N/A       12%         3
 Airstrike                Air            7%         2d(2-18)  36%         4


Dungeon Overview and Level Annotations

Branches:
Dungeon (3/15)

Altars:
Cheibriados
Makhleb
Ru

Shops:
D:1 [

Annotations:
D:3 3 runed translucent doors, Nedac819's ghost, amateur MeWn


Innate Abilities, Weirdness & Mutations

You are mostly covered in sharp spines.
You have a small tail.


Message History

Confirm with . or Enter, or press ? or * to list all spells.
Aiming: Shock (safe; 4% risk of failure)
Press: ? - help, Shift-Dir - straight line, f/p - gnoll sergeant
Aim: a gnoll sergeant, wielding a +0 spear and wearing a +0 ring mail (lightly wounded, 77% to hit)
The zap hits the gnoll sergeant.
The gnoll sergeant is moderately wounded.
The gnoll sergeant hits you from afar with a +0 spear!
* * * LOW HITPOINT WARNING * * *
Unknown command.
Casting: Shock (safe; 4% risk of failure)
Confirm with . or Enter, or press ? or * to list all spells.
Aiming: Shock (safe; 4% risk of failure)
Press: ? - help, Shift-Dir - straight line, f/p - gnoll sergeant
Aim: a gnoll sergeant, wielding a +0 spear and wearing a +0 ring mail (moderately wounded, 77% to hit)
You miscast Shock.
You are very lightly contaminated with residual magic.
Nothing appears to happen.
The gnoll sergeant closely misses you.
Casting: Shock (safe; 4% risk of failure)
Confirm with . or Enter, or press ? or * to list all spells.
Aiming: Shock (safe; 4% risk of failure)
Press: ? - help, Shift-Dir - straight line, f/p - gnoll sergeant
Aim: a gnoll sergeant, wielding a +0 spear and wearing a +0 ring mail (moderately wounded, 77% to hit)
The zap hits the gnoll sergeant.
The gnoll sergeant is moderately wounded.
The gnoll sergeant closely misses you.
Casting: Shock (safe; 4% risk of failure)
Confirm with . or Enter, or press ? or * to list all spells.
Aiming: Shock (safe; 4% risk of failure)
Press: ? - help, Shift-Dir - straight line, f/p - gnoll sergeant
Aim: a gnoll sergeant, wielding a +0 spear and wearing a +0 ring mail (moderately wounded, 77% to hit)
You miscast Shock.
Nothing appears to happen.
The gnoll sergeant hits you but does no damage.
The gnoll sergeant is struck by your spines.
The gnoll sergeant hits you with a +0 spear.
* * * LOW HITPOINT WARNING * * *
You barely miss the gnoll sergeant.
Your tail-slap misses the gnoll sergeant.
The gnoll sergeant is moderately wounded.
The gnoll sergeant hits you with a +0 spear.
You die...

#...........#.##...)..#
#
#.#########.#.#####...#
# #.# #.#.## ##.## #.#
#....# #.# #.# #.#.##
#.# # #.# ####.#.##
##.#### #.#
#.......####<..... #.#
#.##...........### #.#
♣@♣##...####...### #.#
♣♣g♣♣##.## #...... #.#
♣.))♣ #.# #..#### #.#
♣♣...♣♣### #..#### #.#
♣.....♣ ....... ###
♣♣)..♣.♣♣ ..#####
♣♣..♣....♣♣ ♣........)♣
♣.###'###.♣


You could see a gnoll sergeant.

Vanquished Creatures
  2 gnolls (D:3)
  3 adders
  A worm (D:3)
  A dart slug (D:3)
  An orc (D:3)
  3 ball pythons
  6 bats
  7 endoplasms
  A giant cockroach (D:2)
  3 goblins
  5 hobgoblins
  3 quokkas
  2 frilled lizards (D:2)
  6 kobolds
  5 rats
49 creatures vanquished.

Notes
Turn   | Place    | Note
-------+----------+-------------------------------------------
     0 | D:1      | rogsnak the Demonspawn Air Elementalist began the quest for
                  | the Orb.
     0 | D:1      | Reached XP level 1. HP: 13/13 MP: 3/3
   339 | D:1      | Discovered your monstrous ancestry.
   339 | D:1      | Gained mutation: You have a small tail. [demonic ancestry]
   339 | D:1      | Reached XP level 2. HP: 19/19 MP: 0/5
   518 | D:1      | Found Nolaucet's Armour Emporium.
  1472 | D:2      | Gained mutation: You are partially covered in sharp spines.
                  | [demonic ancestry]
  1472 | D:2      | Reached XP level 3. HP: 24/24 MP: 2/6
  1546 | D:2      | Found a sacrificial altar of Ru.
  2158 | D:3      | Found a faded altar of an unknown god.
  2320 | D:3      | Found a snail-covered altar of Cheibriados.
  2323 | D:3      | Found a burning altar of Makhleb.
  2445 | D:3      | Found a runed translucent gate.
  2445 | D:3      | Found a runed translucent gate.
  2445 | D:3      | Found a runed translucent gate.
  2446 | D:3      | Noticed Nedac819's ghost (amateur MeWn)
  2727 | D:3      | Gained mutation: You are mostly covered in sharp spines.
                  | [demonic ancestry]
  2727 | D:3      | Reached XP level 4. HP: 30/30 MP: 5/7
  3018 | D:3      | Found the +5 woodcutter's axe
  3018 | D:3      | Noticed a gnoll sergeant
  3036 | D:3      | HP: 1/30 [gnoll sergeant/+0 spear (4)]
  3037 | D:3      | Slain by a gnoll sergeant

Illustrated notes

Levels and vault maps discovered:
D:1:      nagdon_arrival_zigzag_paths, layout_loops_ring, serial_shops,
          shop_coins
D:2:      minmay_alternating_diamond, layout_basic, basic_altar,
          serial_park_tiny_pond
D:3:      layout_loops_ring, jmf_multi_god_temple, gammafunk_ghost_necromancy,
          shapermc_ecumenical_altar_pompeii, hex_tiny, minmay_misc_feat_chi,
          pf_guarded_unrand_woodcutter

Skill      XL: |  1  2  3  4 |
---------------+-------------+-----
Air Magic      | 3 |  3.3
Conjurations   | 2 |  2.3
Dodging        | 2 |  2.0
Spellcasting   | 3 |  3.0
Stealth        | |  1.9

Action                     |  1- 3 |  4- 6 || total
---------------------------+-------+-------++-------
  Melee: Flail             |     9 |     5 ||    14
   Cast: Shock             |    78 |    16 ||    94
   Stab: Sleeping          |       |     1 ||     1
 Armour: Robe              |     2 |     1 ||     3
  Dodge: Dodged            |     5 |     7 ||    12
